 Dungeon Crawl Stone Soup version 0.21-a0-331-gfb491b4 (webtiles) character file.

3763 tidbits the Infuser (level 10, -19/77 HPs)
             Began as a Gnoll Skald on Oct 2, 2017.
             Was a Priest of Cheibriados.
             Killed from afar by Maurice (30 damage)
             ... with a wand of lightning (?/15)
             ... on level 8 of the Dungeon.
             The game lasted 00:28:32 (2978 turns).

tidbits the Infuser (Gnoll Skald)                   Turns: 2978, Time: 00:28:33

Health: -19/77     AC:  6    Str: 21    XL:     10   Next: 15%
Magic:  11/20      EV: 24    Int: 26    God:    Cheibriados [***...]
Gold:   386        SH:  0    Dex: 26    Spells: 11/23 levels left

rFire    . . .     SeeInvis .   a - +1 whip (elec)
rCold    + . .     Gourm    .   (no shield)
rNeg     . . .     Faith    .   B - +2 robe {rC+}
rPois    .         Spirit   .   N - +1 helmet
rElec    .         Reflect  .   (no cloak)
rCorr    .         Harm     .   (no gloves)
MR       .....                  (no boots)
Stlth    +++++.....             (no amulet)
HPRegen  0.22/turn              (no ring)
MPRegen  0.17/turn              (no ring)

@: agile, lethally poisoned (-19 -> -19), very slow
A: distributed training, fangs 1, strong nose
a: Bend Time, Temporal Distortion, Renounce Religion


You were on level 8 of the Dungeon.
You worshipped Cheibriados.
Cheibriados was most pleased with you.
You were hungry.

You visited 2 branches of the dungeon, and saw 9 of its levels.

You collected 386 gold pieces.

Inventory:

Hand Weapons
 a - a +1 whip of electrocution (weapon)
   (You took it off a kobold on level 2 of the Dungeon)
 n - a +2 dagger of venom
   (You took it off a kobold on level 2 of the Dungeon)
 K - a +0 blowgun
 M - a +1 falchion of flaming
   (You took it off a big kobold on level 8 of the Dungeon)
Missiles
 j - 15 javelins (quivered)
 o - 86 arrows
 F - 8 tomahawks
Armour
 b - a +0 leather armour
 i - a +0 large shield
 p - a +2 hat
 x - a +0 ring mail
 B - a +2 robe of cold resistance (worn)
   (You took it off Blork the orc on level 4 of the Dungeon)
 N - a +1 helmet (worn)
Magical Staves
 t - an uncursed staff of poison {unknown}
   (You found it on level 3 of the Dungeon)
Wands
 f - a wand of flame (23/48)
 m - a wand of paralysis (0/24)
 w - a wand of confusion (5/48)
Scrolls
 h - a scroll of holy word {unknown}
 r - a scroll of remove curse
 y - 2 scrolls of enchant armour
 z - a scroll of magic mapping
 D - 2 scrolls of enchant weapon
 H - a scroll of fog
 I - a scroll of blinking
 J - a scroll of teleportation
Potions
 e - 2 potions of curing
 g - a potion of agility
 q - a potion of might {unknown}
 s - a potion of brilliance {unknown}
 v - 2 potions of haste {unknown}
 G - 2 potions of lignification {unknown}
Books
 E - a book of Party Tricks
   (You found it on level 7 of the Dungeon)

   Spells                             Type                      Level
   a - Summon Butterflies             Summoning                    1
   b - Apportation                    Translocation                1
   c - Lesser Beckoning               Translocation                3
   d - Tukima's Dance                 Hexes                        3
   e - Alistair's Intoxication        Transmutation/Poison         5
   f - Invisibility                   Hexes                        6
Comestibles
 d - 5 bread rations
 u - 7 fruits
 A - a meat ration
 C - 3 royal jellies


   Skills:
 + Level 6.8 Fighting
 + Level 4.9 Short Blades
 + Level 4.9 Long Blades
 + Level 6.8 Axes
 + Level 4.9 Maces & Flails
 + Level 4.9 Polearms
 + Level 4.9 Staves
 + Level 4.9 Slings
 + Level 4.9 Bows
 + Level 4.9 Crossbows
 + Level 4.9 Throwing
 + Level 5.6 Armour
 + Level 6.8 Dodging
 + Level 4.9 Stealth
   Level 0.0 Stabbing
 + Level 4.9 Shields
   Level 0.0 Traps
 + Level 4.9 Unarmed Combat
 + Level 7.1 Spellcasting
 + Level 4.9 Conjurations
 + Level 4.9 Hexes
 + Level 8.3 Charms
 + Level 4.9 Summonings
 + Level 4.9 Necromancy
 + Level 4.9 Translocations
 + Level 4.9 Transmutations
 + Level 4.9 Fire Magic
 + Level 4.9 Ice Magic
 + Level 4.9 Air Magic
 + Level 4.9 Earth Magic
 + Level 4.9 Poison Magic
 + Level 4.9 Invocations
 + Level 4.9 Evocations


You had 11 spell levels left.
You knew the following spells:

 Your Spells              Type           Power        Failure   Level  Hunger
a - Apportation           Tloc           ####..       1%          1    None
g - Shroud of Golubria    Chrm/Tloc      #####.....   1%          2    None
i - Infusion              Chrm           ####         1%          1    None
r - Regeneration          Chrm/Necr      #####.....   1%          3    None
w - Spectral Weapon       Hex/Chrm       #####...     1%          3    None
y - Song of Slaying       Chrm           ######..     1%          2    None


Dungeon Overview and Level Annotations

Branches:
Dungeon (8/15)             Temple (1/1) D:4            Lair (0/6) D:8

Altars:
Ashenzari
Cheibriados
Dithmenos
Elyvilon
Fedhas
Gozag
Hepliaklqana
Kikubaaqudgha
Makhleb
Nemelex Xobeh
Okawaru
Qazlal
Ru
Trog
Uskayaw
Vehumet
Wu Jian
Xom
Zin
The Shining One

Annotations:
D:8 Maurice


Innate Abilities, Weirdness & Mutations

Your experience applies equally to all skills.
You have very sharp teeth.
Your uncanny sense of smell can sniff out nearby items.


Message History

You barely miss the killer bee.
The killer bee is moderately wounded.
You feel sick. The killer bee misses you.
You puncture the killer bee!
The killer bee is almost dead.
Your spectral weapon fades away.
The killer bee completely misses you. The killer bee misses you.
You hit the killer bee.
The killer bee is poisoned.
The killer bee is almost dead.
You kill the killer bee!
Cheibriados thoroughly appreciates the change of pace.
Your skin is crawling a little less now.
You feel sick.
Maurice says, "Have you got some gold to spare?"
The warg bites you!
* * * LOW HITPOINT WARNING * * *
Casting: Spectral Weapon
Confirm with . or Enter, or press ? or * to list all spells.
You draw out your weapon's spirit!
The warg closely misses you.
You feel much better.
You feel sick. The warg barely misses you. The warg misses you.
Wield which item (- for none, * to show all)? (? for menu, Esc to quit)
Your +2 dagger of venom stops dripping with poison.
Your spectral weapon disappears as you unwield.
You hear the crackle of electricity.
a - a +1 whip of electrocution (weapon)
Your song has ended.
Casting: Spectral Weapon
Confirm with . or Enter, or press ? or * to list all spells.
You draw out your weapon's spirit!
The warg misses you.
Maurice shouts, "Mine, all mine!"
Maurice casts a spell.
Maurice blinks!
The warg misses you.
You hit the warg. Lightning courses through the warg!
The warg is heavily wounded.
You feel sick.
Maurice mumbles some strange words.
Maurice flickers and vanishes!
Deactivating autopickup; reactivate with Ctrl-A.
The warg completely misses you.
You barely miss the warg.
The warg is heavily wounded.
Your skin stops crawling.
Your spectral weapon hits the warg.
Lightning courses through the warg!
You kill the warg!
Cheibriados appreciates the change of pace.
The killer bee closely misses you.
You hit the killer bee.
The killer bee is moderately wounded.
Your spectral weapon hits the killer bee!
The killer bee completely misses you. Something completely misses you.
The killer bee misses you.
You barely miss the killer bee.
The killer bee is severely wounded.
Your spectral weapon barely misses the killer bee.
The killer bee completely misses you. Something closely misses you.
You closely miss the killer bee.
The killer bee is severely wounded.
You feel sick.
Your spectral weapon misses the killer bee.
The killer bee closely misses you. The killer bee misses you.
Something hits you but does no damage.
You miss the killer bee. Your bite misses the killer bee.
The killer bee is severely wounded.
Your spectral weapon closely misses the killer bee.
The killer bee barely misses you. Something hits you but does no damage.
The killer bee completely misses you.
You miss the killer bee.
You bite the killer bee, but do no damage.
The killer bee is severely wounded.
Your spectral weapon hits the killer bee.
Lightning courses through the killer bee!
You kill the killer bee!
Cheibriados thoroughly appreciates the change of pace.
You hit something.
You hear a zap.
A bolt of lightning appears from out of thin air!
The bolt of lightning hits you!
* * * LOW HITPOINT WARNING * * *
The bolt of lightning misses the orc.
The orc hits you with a falchion.
* * * LOW HITPOINT WARNING * * *
You whack the orc! Lightning courses through the orc!
You kill the orc!
Cheibriados thoroughly appreciates the change of pace.
Cheibriados raises the support of your attributes as your movement slows.
Something barely misses you.
Okay, then.
Wield which item (- for none, * to show all)? (? for menu, Esc to quit)
Okay, then.
Okay, then.
You whack something! Lightning courses through something! You bite something.
You feel sick. Something hits you.
* * * LOW HITPOINT WARNING * * *
Something steals your book of Battle!
You closely miss something. Something misses you.
You hit something but do no damage. You bite something.
You hear a zap.
A bolt of lightning appears from out of thin air!
The bolt of lightning hits you!
You die...

........(........).>.......
#
#...............[..###.....
#..........................
...###....#......#..#......
# #....##....###.# .... #
#...#...#..## .# ... #.
#.....##..>.# .. .. ..
.P.....#.##(...# #.# # o.
.......###.†)@{..# ..
o..oyy.... ####........
.......... #.....#..
o.P...... #....## #...y...#
#....# # #....# # ...<.# #
#.#### ..


You could see a friendly spectral whip of electrocution.

Vanquished Creatures
  A two-headed ogre (D:8)
  A hippogriff (D:7)
  2 dream sheep (D:8)
  Menkaure (D:7)
  2 wargs (D:8)
  2 sky beasts
  An orc warrior (D:8)
  A phantom (D:7)
  A necrophage (D:8)
  An ogre (D:7)
  A centaur (D:6)
  Blork the orc (D:4)
  2 big kobolds
  A bullfrog (D:7)
  2 scorpions
  10 killer bees
  A bullfrog zombie (D:5)
  A crimson imp (D:6)
  6 orc priests
  2 hounds
  A jelly (D:6)
  8 orc wizards
  A worker ant (D:6)
  A hound zombie (D:5)
  A hound skeleton (D:4)
  9 adders
  4 shadow imps
  An ooze (D:3)
  An adder skeleton (D:8)
  An adder zombie (D:8)
  2 dart slugs (D:2)
  3 worms
  5 leopard geckos
  18 orcs
  4 giant cockroaches
  8 goblins
  8 hobgoblins
  A jackal (D:2)
  3 quokkas
  5 bats
  4 frilled lizards
  9 kobolds
  5 rats
143 creatures vanquished.

Notes
Turn   | Place    | Note
-------+----------+-------------------------------------------
     0 | D:1      | tidbits the Gnoll Skald began the quest for the Orb.
     0 | D:1      | Reached XP level 1. HP: 20/20 MP: 6/6
   102 | D:1      | Reached XP level 2. HP: 8/26 MP: 2/7
   106 | D:1      | Learned a level 2 spell: Song of Slaying
   109 | D:1      | Learned a level 2 spell: Shroud of Golubria
   359 | D:2      | Reached XP level 3. HP: 28/31 MP: 2/9
   366 | D:2      | Learned a level 3 spell: Regeneration
   370 | D:2      | Learned a level 3 spell: Spectral Weapon
   377 | D:2      | Reached skill level 5 in Spellcasting
   579 | D:3      | Reached skill level 1 in Short Blades
   579 | D:3      | Reached skill level 1 in Long Blades
   579 | D:3      | Reached skill level 1 in Maces & Flails
   579 | D:3      | Reached skill level 1 in Polearms
   579 | D:3      | Reached skill level 1 in Staves
   579 | D:3      | Reached skill level 1 in Slings
   579 | D:3      | Reached skill level 1 in Bows
   579 | D:3      | Reached skill level 1 in Crossbows
   579 | D:3      | Reached skill level 1 in Throwing
   579 | D:3      | Reached skill level 1 in Stealth
   579 | D:3      | Reached skill level 1 in Shields
   579 | D:3      | Reached skill level 1 in Unarmed Combat
   579 | D:3      | Reached skill level 1 in Conjurations
   579 | D:3      | Reached skill level 1 in Hexes
   579 | D:3      | Reached skill level 1 in Summonings
   579 | D:3      | Reached skill level 1 in Necromancy
   579 | D:3      | Reached skill level 1 in Translocations
   579 | D:3      | Reached skill level 1 in Transmutations
   579 | D:3      | Reached skill level 1 in Fire Magic
   579 | D:3      | Reached skill level 1 in Ice Magic
   579 | D:3      | Reached skill level 1 in Air Magic
   579 | D:3      | Reached skill level 1 in Earth Magic
   579 | D:3      | Reached skill level 1 in Poison Magic
   579 | D:3      | Reached skill level 1 in Invocations
   579 | D:3      | Reached skill level 1 in Evocations
   616 | D:3      | Found a transporter.
   622 | D:3      | Reached XP level 4. HP: 38/38 MP: 0/11
   856 | D:3      | Reached XP level 5. HP: 27/43 MP: 9/12
   865 | D:3      | Reached skill level 3 in Armour
   965 | D:3      | Reached XP level 6. HP: 29/50 MP: 5/13
  1016 | D:3      | Found a transporter.
  1119 | D:3      | Reached skill level 5 in Fighting
  1119 | D:3      | Reached skill level 5 in Axes
  1119 | D:3      | Reached skill level 5 in Dodging
  1221 | D:4      | Reached skill level 2 in Short Blades
  1221 | D:4      | Reached skill level 2 in Long Blades
  1221 | D:4      | Reached skill level 2 in Maces & Flails
  1221 | D:4      | Reached skill level 2 in Polearms
  1221 | D:4      | Reached skill level 2 in Staves
  1221 | D:4      | Reached skill level 2 in Slings
  1221 | D:4      | Reached skill level 2 in Bows
  1221 | D:4      | Reached skill level 2 in Crossbows
  1221 | D:4      | Reached skill level 2 in Throwing
  1221 | D:4      | Reached skill level 2 in Stealth
  1221 | D:4      | Reached skill level 2 in Shields
  1221 | D:4      | Reached skill level 2 in Unarmed Combat
  1221 | D:4      | Reached skill level 2 in Conjurations
  1221 | D:4      | Reached skill level 2 in Hexes
  1221 | D:4      | Reached skill level 2 in Summonings
  1221 | D:4      | Reached skill level 2 in Necromancy
  1221 | D:4      | Reached skill level 2 in Translocations
  1221 | D:4      | Reached skill level 2 in Transmutations
  1221 | D:4      | Reached skill level 2 in Fire Magic
  1221 | D:4      | Reached skill level 2 in Ice Magic
  1221 | D:4      | Reached skill level 2 in Air Magic
  1221 | D:4      | Reached skill level 2 in Earth Magic
  1221 | D:4      | Reached skill level 2 in Poison Magic
  1221 | D:4      | Reached skill level 2 in Invocations
  1221 | D:4      | Reached skill level 2 in Evocations
  1272 | D:4      | Found a staircase to the Ecumenical Temple.
  1279 | Temple   | Entered the Ecumenical Temple
  1354 | Temple   | Became a worshipper of Cheibriados the Contemplative
  1464 | D:4      | Noticed Blork the orc
  1483 | D:4      | Killed Blork the orc
  1483 | D:4      | Reached XP level 7. HP: 26/56 MP: 3/15
  1495 | D:5      | Entered Level 5 of the Dungeon
  1577 | D:5      | Reached skill level 7 in Charms
  1920 | D:5      | Found a glowing golden altar of the Shining One.
  1997 | D:7      | Reached * piety under Cheibriados
  1997 | D:7      | Reached XP level 8. HP: 57/63 MP: 11/16
  2107 | D:7      | Reached skill level 3 in Short Blades
  2107 | D:7      | Reached skill level 3 in Long Blades
  2107 | D:7      | Reached skill level 3 in Maces & Flails
  2107 | D:7      | Reached skill level 3 in Polearms
  2107 | D:7      | Reached skill level 3 in Staves
  2107 | D:7      | Reached skill level 3 in Slings
  2107 | D:7      | Reached skill level 3 in Bows
  2107 | D:7      | Reached skill level 3 in Crossbows
  2107 | D:7      | Reached skill level 3 in Throwing
  2107 | D:7      | Reached skill level 4 in Armour
  2107 | D:7      | Reached skill level 3 in Stealth
  2107 | D:7      | Reached skill level 3 in Shields
  2107 | D:7      | Reached skill level 3 in Unarmed Combat
  2107 | D:7      | Reached skill level 3 in Conjurations
  2107 | D:7      | Reached skill level 3 in Hexes
  2107 | D:7      | Reached skill level 3 in Summonings
  2107 | D:7      | Reached skill level 3 in Necromancy
  2107 | D:7      | Reached skill level 3 in Translocations
  2107 | D:7      | Reached skill level 3 in Transmutations
  2107 | D:7      | Reached skill level 3 in Fire Magic
  2107 | D:7      | Reached skill level 3 in Ice Magic
  2107 | D:7      | Reached skill level 3 in Air Magic
  2107 | D:7      | Reached skill level 3 in Earth Magic
  2107 | D:7      | Reached skill level 3 in Poison Magic
  2107 | D:7      | Reached skill level 3 in Invocations
  2107 | D:7      | Reached skill level 3 in Evocations
  2146 | D:7      | Reached skill level 6 in Spellcasting
  2489 | D:7      | Reached ** piety under Cheibriados
  2533 | D:8      | Noticed a two-headed ogre
  2544 | D:8      | Killed a two-headed ogre
  2544 | D:8      | Reached skill level 6 in Fighting
  2544 | D:8      | Reached skill level 4 in Short Blades
  2544 | D:8      | Reached skill level 4 in Long Blades
  2544 | D:8      | Reached skill level 6 in Axes
  2544 | D:8      | Reached skill level 4 in Maces & Flails
  2544 | D:8      | Reached skill level 4 in Polearms
  2544 | D:8      | Reached skill level 4 in Staves
  2544 | D:8      | Reached skill level 4 in Slings
  2544 | D:8      | Reached skill level 4 in Bows
  2544 | D:8      | Reached skill level 4 in Crossbows
  2544 | D:8      | Reached skill level 4 in Throwing
  2544 | D:8      | Reached skill level 6 in Dodging
  2544 | D:8      | Reached skill level 4 in Stealth
  2544 | D:8      | Reached skill level 4 in Shields
  2544 | D:8      | Reached skill level 4 in Unarmed Combat
  2544 | D:8      | Reached skill level 4 in Conjurations
  2544 | D:8      | Reached skill level 4 in Hexes
  2544 | D:8      | Reached skill level 4 in Summonings
  2544 | D:8      | Reached skill level 4 in Necromancy
  2544 | D:8      | Reached skill level 4 in Translocations
  2544 | D:8      | Reached skill level 4 in Transmutations
  2544 | D:8      | Reached skill level 4 in Fire Magic
  2544 | D:8      | Reached skill level 4 in Ice Magic
  2544 | D:8      | Reached skill level 4 in Air Magic
  2544 | D:8      | Reached skill level 4 in Earth Magic
  2544 | D:8      | Reached skill level 4 in Poison Magic
  2544 | D:8      | Reached skill level 4 in Invocations
  2544 | D:8      | Reached skill level 4 in Evocations
  2544 | D:8      | Reached XP level 9. HP: 40/69 MP: 10/18
  2578 | D:8      | Reached skill level 5 in Armour
  2587 | D:8      | HP: 3/71 [something (5)]
  2611 | D:8      | Reached skill level 8 in Charms
  2731 | D:7      | Learned a level 1 spell: Apportation
  2739 | D:7      | Noticed Menkaure
  2756 | D:7      | Killed Menkaure
  2806 | D:7      | Reached XP level 10. HP: 48/77 MP: 15/20
  2915 | D:8      | Found a staircase to the Lair.
  2927 | D:8      | Reached skill level 7 in Spellcasting
  2939 | D:8      | HP: 6/77 [orc warrior/hand axe (14)]
  2939 | D:8      | HP: 2/77 [killer bee (1)]
  2951 | D:8      | Noticed Maurice
  2955 | D:8      | Reached *** piety under Cheibriados
  2962 | D:8      | HP: 7/77 [warg (13)]
  2978 | D:8      | Killed from afar by Maurice

Vault maps used:
D:1:      dpeg_arrival_stonehenge_12_columns
D:2:      first_bread, serial_bayou_lagoon_a, amethyst_killhole,
          minmay_split_cup_small, uniq_crazy_yiuf_cottage
D:3:      gammafunk_wand_slinger
D:4:      minmay_temple_entry_purple_smoke, minmay_small_thing,
          uniq_blork_the_orc
D:5:      overflow_temple_1_default, serial_bayou_lagoon_b
D:7:      uniq_menkaure
D:8:      erik_lair_orcish_takeover, basic_altar, hangedman_ranch,
          wad_rectangle_vault, uniq_maurice, uniq_erica, uniq_joseph
Temple:   minmay_crystal_snake_temple

Skill      XL: |  1  2  3  4  5  6  7  8  9 10 |
---------------+-------------------------------+-----
Spellcasting   | 5 6 7 |  7.1
Short Blades   | 1 2 4 |  4.9
Long Blades    | 1 2 4 |  4.9
Maces & Flails | 1 2 4 |  4.9
Polearms       | 1 2 4 |  4.9
Staves         | 1 2 4 |  4.9
Slings         | 1 2 4 |  4.9
Bows           | 1 2 4 |  4.9
Crossbows      | 1 2 4 |  4.9
Throwing       | 1 2 4 |  4.9
Stealth        | 1 2 4 |  4.9
Shields        | 1 2 4 |  4.9
Unarmed Combat | 1 2 4 |  4.9
Conjurations   | 1 2 4 |  4.9
Hexes          | 1 2 4 |  4.9
Summonings     | 1 2 4 |  4.9
Necromancy     | 1 2 4 |  4.9
Translocations | 1 2 4 |  4.9
Transmutations | 1 2 4 |  4.9
Fire Magic     | 1 2 4 |  4.9
Ice Magic      | 1 2 4 |  4.9
Air Magic      | 1 2 4 |  4.9
Earth Magic    | 1 2 4 |  4.9
Poison Magic   | 1 2 4 |  4.9
Invocations    | 1 2 4 |  4.9
Evocations     | 1 2 4 |  4.9
Armour         | 3 4 5 |  5.6
Fighting       | 5 6 |  6.8
Axes           | 5 6 |  6.8
Dodging        | 5 6 |  6.8
Charms         | 7 8 |  8.3

Action                   |  1- 3 |  4- 6 |  7- 9 | 10-12 || total
-------------------------+-------+-------+-------+-------++-------
Melee: Hand axe          |    46 |       |       |       ||    46
       Bite              |     9 |     7 |    24 |    11 ||    51
       Whip              |    27 |    83 |   155 |    14 ||   279
       Dagger            |       |       |    22 |    30 ||    52
       Punch             |       |       |     3 |       ||     3
 Cast: Infusion          |     7 |       |       |       ||     7
       Song of Slaying   |     4 |     9 |     7 |     1 ||    21
       Spectral Weapon   |     2 |    11 |    24 |     5 ||    42
       Regeneration      |     1 |     9 |    18 |     2 ||    30
       Shroud of Golubri |       |     1 |     1 |       ||     2
Evoke: Wand              |       |     9 |     5 |       ||    14
  Use: Scroll            |     1 |     1 |     9 |     1 ||    12
       Potion            |       |       |     1 |     4 ||     5
 Stab: Sleeping          |     1 |       |     2 |       ||     3
       Paralysed         |       |       |     9 |       ||     9
       Distracted        |       |       |     2 |       ||     2
  Eat: Chunk             |       |     3 |     4 |       ||     7
       Royal jelly       |       |     1 |       |       ||     1
Armor: Leather armour    |    12 |    13 |       |       ||    25
       Ring mail         |       |     1 |    13 |       ||    14
       Robe              |       |       |    35 |     3 ||    38
Dodge: Dodged            |    44 |    44 |   159 |    67 ||   314

Table legend:
 A = Spawn XP
 B = Non-spawn XP
 C = Spawn XP percentage of total XP
 D = Spawn monster count
 E = Non-spawn monster count
 F = Spawn count percentage of total count
 G = Total turns spent on level
                    A         B        C        D         E        F      G
               +---------+---------+-------+---------+---------+-------+---------
         Total |       0 |    5377 |   0.0 |       0 |     143 |   0.0 |  2978
               +---------+---------+-------+---------+---------+-------+---------
           D:1 |       0 |      27 |   0.0 |       0 |      16 |   0.0 |   350
           D:2 |       0 |      61 |   0.0 |       0 |      25 |   0.0 |   342
           D:3 |       0 |     364 |   0.0 |       0 |      32 |   0.0 |   525
           D:4 |       0 |     236 |   0.0 |       0 |       5 |   0.0 |   168
           D:5 |       0 |     386 |   0.0 |       0 |      12 |   0.0 |   507
           D:6 |       0 |     250 |   0.0 |       0 |       7 |   0.0 |   229
           D:7 |       0 |    1375 |   0.0 |       0 |      24 |   0.0 |   504
           D:8 |       0 |    2678 |   0.0 |       0 |      22 |   0.0 |   232
               +---------+---------+-------+---------+---------+-------+---------

Table legend:
 A = Turns spent in this place as a percentage of turns spent in the entire game.
 B = Non-inter-level travel turns spent in this place as a percentage of non-inter-level travel turns spent in the entire game.
 C = Inter-level travel turns spent in this place as a percentage of turns spent in this place.
 D = Turns resting spent in this place as a percentage of non-inter-level travel turns spent in this place.
 E = Turns spent auto-exploring this place as a percentage of non-inter-level travel turns spent in this place.
 F = Non-inter-level travel turns spent in this place divided by the number of levels of this place that you've seen.
                   A       B       C       D       E      F
               +-------+-------+-------+-------+-------+----------------------
         Total | 100.0 | 100.0 |   2.9 |   0.0 |   0.0 | 321.2
       Dungeon |  95.9 |  95.8 |   3.0 |   0.0 |   0.0 | 346.2
        Temple |   4.1 |   4.2 |   0.0 |   0.0 |   0.0 | 121.0
               +-------+-------+-------+-------+-------+----------------------

Table legend:
 A = Kills in this place as a percentage of kills in entire the game.
 B = Kills by you in this place as a percentage of kills by you in the entire game.
 C = Kills by friends in this place as a percentage of kills by friends in the entire game.
 D = Other kills in this place as a percentage of other kills in the entire game.
 E = Experience gained in this place as a percentage of experience gained in the entire game.
 F = Experience gained in this place divided by the number of levels of this place that you have seen.
                   A       B       C       D       E      F
               +-------+-------+-------+-------+-------+----------------------
         Total | 100.0 | 100.0 |   N/A | 100.0 | 100.0 | 597.4
       Dungeon | 100.0 | 100.0 |   N/A | 100.0 | 100.0 | 672.1
               +-------+-------+-------+-------+-------+----------------------

Vault maps used:
D:1:      dpeg_arrival_stonehenge_12_columns
D:2:      first_bread, serial_bayou_lagoon_a, amethyst_killhole,
          minmay_split_cup_small, uniq_crazy_yiuf_cottage
D:3:      gammafunk_wand_slinger
D:4:      minmay_temple_entry_purple_smoke, minmay_small_thing,
          uniq_blork_the_orc
D:5:      overflow_temple_1_default, serial_bayou_lagoon_b
D:7:      uniq_menkaure
D:8:      erik_lair_orcish_takeover, basic_altar, hangedman_ranch,
          wad_rectangle_vault, uniq_maurice, uniq_erica, uniq_joseph
Temple:   minmay_crystal_snake_temple
